Blue Jackets vs Red Wings
Created - December 20, 2020 at 21:34
Goals
|
| Blue Jackets |
1 |
1 |
0 |
2 |
| Red Wings |
1 |
3 |
1 |
5 |
|
Shots
|
| Blue Jackets |
13 |
20 |
2 |
35 |
| Red Wings |
11 |
17 |
15 |
43 |
|
1st period
1. Red Wings , Sean Bergenheim 10 (Mike Richards 18) at 13:04
2. Blue Jackets , Artemi Panarin 14 (Mike Lundin 4, Cam Fowler 11) at 13:24
Penalties :
Branislav Mezei (Clb) for Hooking (Minor) at 6:01
2nd period
3. Red Wings , Nick Bjugstad 8 (Connor Brown 12) at 3:38
4. Red Wings , Ryan O'Byrne 1 (Mike Richards 19, Kris Versteeg 15) at 10:48
5. Red Wings , Kris Versteeg 15 (Mike Richards 20, Sean Bergenheim 25) at 15:08
6. Blue Jackets , Artemi Panarin 15 (Tyler Seguin 18, Devin Setoguchi 18) at 17:07
Penalties :
No Penalty
3rd period
7. Red Wings , David Krejci 4 (Alex Picard 2, Ole-Kristian Tollefsen 11) at 14:12
Penalties :
Devin Setoguchi (Clb) for Hooking (Minor) at 14:35, Martin Havlat (Clb) for Hooking (Minor) at 17:51
Goalie Stats
Rick DiPietro (Clb), 38 saves from 43 shots - (0.884), L, 7-10-2, 60:00 minutes
James Reimer (Det), 33 saves from 35 shots - (0.943), W, 11-6-3, 60:00 minutes
Players Stats for Blue Jackets
Player Name G A P +/- PIM S H SB GA TA FO MP PP MP PK MP
------------------------------------------------------------------------------------
Andreas Nodl 0 0 0 -2 0 0 1 0 0 0 1/1 7:48 0:00 0:00
Artemi Panarin 2 0 2 1 0 7 0 0 0 0 0/0 21:25 0:00 2:56
Brandon Bollig 0 0 0 -2 0 1 0 0 0 0 0/0 8:08 0:00 0:18
Branislav Mezei 0 0 0 -1 2 1 0 1 0 0 0/0 13:31 0:00 0:00
Cam Fowler 0 1 1 -2 0 1 1 1 0 1 0/0 25:49 0:00 3:38
Cody Eakin 0 0 0 -2 0 1 0 0 1 0 0/2 8:11 0:00 0:23
Dalton Prout 0 0 0 0 0 0 3 0 0 0 0/0 20:41 0:00 2:19
Devin Setoguchi 0 1 1 1 2 5 0 0 0 1 3/4 18:47 0:00 0:00
Eric Wellwood 0 0 0 0 0 2 2 0 0 0 0/0 12:46 0:00 1:51
Martin Havlat 0 0 0 -2 2 1 1 0 1 0 0/2 16:50 0:00 0:00
Max Pacioretty 0 0 0 -2 0 6 2 1 0 1 1/2 19:03 0:00 2:12
Mike Lundin 0 1 1 -2 0 1 0 0 0 0 0/0 25:49 0:00 3:38
Pavel Datsyuk 0 0 0 0 0 3 1 0 0 0 2/4 10:34 0:00 0:00
Peter Mueller 0 0 0 -2 0 2 1 0 1 0 1/11 17:54 0:00 1:12
Rob Scuderi 0 0 0 0 0 1 0 1 0 1 0/0 20:41 0:00 2:19
Ryan Wilson 0 0 0 -1 0 0 2 0 0 1 0/0 13:30 0:00 0:00
Tyler Kennedy 0 0 0 0 0 0 3 0 0 0 0/0 10:34 0:00 0:00
Tyler Seguin 0 1 1 1 0 3 4 0 2 1 22/38 21:59 0:00 3:02
Players Stats for Red Wings
Player Name G A P +/- PIM S H SB GA TA FO MP PP MP PK MP
------------------------------------------------------------------------------------
Alex Picard 0 1 1 1 0 2 1 0 0 0 2/2 11:19 0:00 0:00
Carson Mcmillan 0 0 0 1 0 2 2 0 0 0 0/0 11:28 0:08 0:00
Connor Brown 0 1 1 1 0 4 0 0 2 0 0/1 17:37 2:37 0:00
Darroll Powe 0 0 0 0 0 1 0 1 0 0 3/3 7:08 0:00 0:00
David Krejci 1 0 1 1 0 6 1 0 0 0 3/4 11:19 0:00 0:00
Jakub Kindl 0 0 0 2 0 0 0 0 0 0 0/0 12:27 0:00 0:00
Jiri Fischer 0 0 0 2 0 1 0 1 0 0 0/0 12:27 0:00 0:00
Karl Alzner 0 0 0 0 0 2 1 2 0 1 0/0 19:52 2:31 0:00
Kris Versteeg 1 1 2 1 0 6 1 0 3 1 3/3 23:56 3:20 0:00
Marko Dano 0 0 0 1 0 3 2 1 0 0 0/0 17:37 2:37 0:00
Michael Haley 0 0 0 0 0 0 0 0 0 0 0/0 7:08 0:00 0:00
Mike Richards 0 3 3 1 0 1 5 0 1 0 11/27 23:47 3:12 0:00
Nick Bjugstad 1 0 1 1 0 3 2 0 0 0 11/23 17:37 2:37 0:00
Ole-Kristian Tollefsen 0 1 1 1 0 0 0 0 0 1 0/0 27:41 3:26 0:00
Petr Pohl 0 0 0 0 0 3 1 0 0 0 0/0 7:17 0:08 0:00
Philip Samuelsson 0 0 0 1 0 2 3 4 0 1 0/0 27:41 3:26 0:00
Ryan O'Byrne 1 0 1 0 0 2 0 2 0 1 0/0 19:52 2:31 0:00
Sean Bergenheim 1 1 2 1 0 5 3 0 0 0 1/1 23:47 3:12 0:00
3 Stars
1 - Mike Richards (Det)
2 - Sean Bergenheim (Det)
3 - Kris Versteeg (Det)
Power Play
Blue Jackets - 0 on 0 Attempt(s) - 0.00%
Red Wings - 0 on 3 Attempt(s) - 0.00%
Penalty Kill
Blue Jackets - 3 on 3 Attempt(s) - 100.00%
- Score 0 goal in Penalty Kill
Red Wings - 0 on 0 Attempt(s) - 0.00%
- Score 0 goal in Penalty Kill
Team Stat
Blue Jackets - Hits : 21 - Faceoff Wins : 30 - Blocked Shots : 4 - Penalty Minutes : 6
Red Wings - Hits : 22 - Faceoff Wins : 34 - Blocked Shots : 11 - Penalty Minutes : 0
Official
Referees : Unknown
Linesman : Unknown
Game Notes
11:22 of 1st period - Red Wings goal is going for a video replay. After video review, No Goal. The attacking player has interfered with a goalkeeper in his goal crease.
Finance
Level 1 -- Attendance: 5818 (96.97%) -- Ticket Income $622,526
Level 2 -- Attendance: 3616 (72.32%) -- Ticket Income $256,736
Level 3 -- Attendance: 1554 (77.70%) -- Ticket Income $74,592
Level 4 -- Attendance: 2952 (73.80%) -- Ticket Income $97,416
Luxury Box -- Attendance: 910 (91.00%) -- Ticket Income $172,900
Game was played at the Joe Louis Arena.
Total Attendance: 14850 (82.50%)
Total Ticket Income: $1,224,170
Other Income: $183,626
Total Income: $1,407,796
Blue Jackets
5 vs 5 Forward
Center Left Wing Right Wing Time % Phy DF OF
1 Tyler Seguin Artemi Panarin Devin Setoguchi 40 1 2 2
2 Peter Mueller Max Pacioretty Martin Havlat 30 1 2 2
3 Pavel Datsyuk Eric Wellwood Tyler Kennedy 20 1 2 2
4 Cody Eakin Brandon Bollig Andreas Nodl 10 1 2 2
5 vs 5 Defense
Defense Defense Time % Phy DF OF
1 Cam Fowler Mike Lundin 40 1 2 2
2 Dalton Prout Rob Scuderi 30 1 2 2
3 Branislav Mezei Ryan Wilson 20 1 2 2
4 Cam Fowler Mike Lundin 10 1 2 2
PowerPlay Forward
Center Left Wing Right Wing Time % Phy DF OF
1 Tyler Seguin Artemi Panarin Devin Setoguchi 60 1 2 2
2 Peter Mueller Max Pacioretty Martin Havlat 40 1 2 2
PowerPlay Defense
Defense Defense Time % Phy DF OF
1 Cam Fowler Mike Lundin 60 1 2 2
2 Dalton Prout Rob Scuderi 40 1 2 2
Penalty Kill 4 Players Forward
Center Wing Time % Phy DF OF
1 Tyler Seguin Artemi Panarin 60 1 2 2
2 Max Pacioretty Peter Mueller 40 1 2 2
Penalty Kill 4 Players Defense
Defense Defense Time % Phy DF OF
1 Cam Fowler Mike Lundin 60 1 2 2
2 Dalton Prout Rob Scuderi 40 1 2 2
Penalty Kill - 3 Players Forward
Forward Time % Phy DF OF
1 Tyler Seguin 60 1 2 2
2 Artemi Panarin 40 1 2 2
Penalty Kill - 3 Players Defense
Defense Defense Time % Phy DF OF
1 Cam Fowler Mike Lundin 60 1 2 2
2 Dalton Prout Rob Scuderi 40 1 2 2
4 vs 4 Forward
Center Wing Time % Phy DF OF
1 Tyler Seguin Artemi Panarin 60 1 2 2
2 Max Pacioretty Peter Mueller 40 1 2 2
4 vs 4 Defense
Defense Defense Time % Phy DF OF
1 Cam Fowler Mike Lundin 60 1 2 2
2 Dalton Prout Rob Scuderi 40 1 2 2
Last Minutes Offensive
Center Left Wing Right Wing Defense Defense
Tyler Seguin Artemi Panarin Devin Setoguchi Cam Fowler Mike Lundin
Last Minutes Defensive
Center Left Wing Right Wing Defense Defense
Tyler Seguin Artemi Panarin Devin Setoguchi Cam Fowler Mike Lundin
Goaltenders
Starting : Rick DiPietro
Backup : Andrei Vasilevskiy
Extra Forwards
Normal : Pavel Datsyuk, Tyler Kennedy, Eric Wellwood - PP : Pavel Datsyuk, Tyler Kennedy - PK : Eric Wellwood
Extra Defensemen
Normal : Branislav Mezei, Ryan Wilson, Dalton Prout - PP : Branislav Mezei - PK : Ryan Wilson, Dalton Prout
Penalty Shots
Tyler Seguin, Artemi Panarin, Max Pacioretty, Peter Mueller, Devin Setoguchi
Scratches
Dennis Wideman (Healthy)
Red Wings
5 vs 5 Forward
Center Left Wing Right Wing Time % Phy DF OF
1 Mike Richards Sean Bergenheim Kris Versteeg 40 0 2 3
2 Nick Bjugstad Marko Dano Connor Brown 30 0 2 3
3 David Krejci Alex Picard Carson Mcmillan 20 0 3 2
4 Darroll Powe Michael Haley Petr Pohl 10 0 3 2
5 vs 5 Defense
Defense Defense Time % Phy DF OF
1 Philip Samuelsson Ole-Kristian Tollefsen 40 0 2 3
2 Karl Alzner Ryan O'Byrne 30 0 3 2
3 Jiri Fischer Jakub Kindl 20 0 3 2
4 Philip Samuelsson Ole-Kristian Tollefsen 10 0 3 2
PowerPlay Forward
Center Left Wing Right Wing Time % Phy DF OF
1 Mike Richards Sean Bergenheim Kris Versteeg 60 0 0 5
2 Nick Bjugstad Marko Dano Connor Brown 40 0 0 5
PowerPlay Defense
Defense Defense Time % Phy DF OF
1 Philip Samuelsson Ole-Kristian Tollefsen 60 0 1 4
2 Karl Alzner Ryan O'Byrne 40 0 2 3
Penalty Kill 4 Players Forward
Center Wing Time % Phy DF OF
1 Darroll Powe Carson Mcmillan 60 1 2 2
2 Kris Versteeg Michael Haley 40 1 2 2
Penalty Kill 4 Players Defense
Defense Defense Time % Phy DF OF
1 Philip Samuelsson Ole-Kristian Tollefsen 60 0 5 0
2 Karl Alzner Ryan O'Byrne 40 1 4 0
Penalty Kill - 3 Players Forward
Forward Time % Phy DF OF
1 Carson Mcmillan 60 1 2 2
2 Kris Versteeg 40 1 2 2
Penalty Kill - 3 Players Defense
Defense Defense Time % Phy DF OF
1 Philip Samuelsson Ole-Kristian Tollefsen 60 1 2 2
2 Karl Alzner Ryan O'Byrne 40 1 2 2
4 vs 4 Forward
Center Wing Time % Phy DF OF
1 Kris Versteeg Sean Bergenheim 60 0 2 3
2 Mike Richards Connor Brown 40 0 2 3
4 vs 4 Defense
Defense Defense Time % Phy DF OF
1 Philip Samuelsson Ole-Kristian Tollefsen 60 0 2 3
2 Karl Alzner Ryan O'Byrne 40 0 3 2
Last Minutes Offensive
Center Left Wing Right Wing Defense Defense
Mike Richards Sean Bergenheim Kris Versteeg Philip Samuelsson Ole-Kristian Tollefsen
Last Minutes Defensive
Center Left Wing Right Wing Defense Defense
Mike Richards Sean Bergenheim Kris Versteeg Philip Samuelsson Ole-Kristian Tollefsen
Goaltenders
Starting : James Reimer
Backup : Josh Harding
Extra Forwards
Normal : Carson Mcmillan, Petr Pohl, Alex Picard - PP : Carson Mcmillan, Petr Pohl - PK : Alex Picard
Extra Defensemen
Normal : Jiri Fischer, Jakub Kindl, Karl Alzner - PP : Jiri Fischer - PK : Jakub Kindl, Karl Alzner
Penalty Shots
Kris Versteeg, Sean Bergenheim, Mike Richards, Connor Brown, Nick Bjugstad
Scratches
Chuck Kobasew (Healthy)
% Time on Ice - Blue Jackets
Lines # - Real PCT - Wanted PCT - Time Play
Normal Forward
1 - 35% - 40% - 18:59
2 - 31% - 30% - 16:42
3 - 20% - 20% - 10:34
4 - 14% - 10% - 7:48
Normal Defense
1 - 35% - 40% - 18:43
2 - 34% - 30% - 18:22
3 - 25% - 20% - 13:30
4 - 6% - 10% - 3:28
PP Forward
1 - 0% - 60%
2 - 0% - 40%
PP Defense
1 - 0% - 60%
2 - 0% - 40%
PK Forward
1 - 80% - 60% - 4:45
2 - 20% - 40% - 1:12
PK Defense
1 - 61% - 60% - 3:38
2 - 39% - 40% - 2:19
PK3 Forward
1 - 0% - 60%
2 - 0% - 40%
PK3 Defense
1 - 0% - 60%
2 - 0% - 40%
44 Forward
1 - 0% - 60%
2 - 0% - 40%
44 Defense
1 - 0% - 60%
2 - 0% - 40%
Last Minute Offensive - 0:00
Last Minute Defensive - 0:00
Total
Forward - 60:00
Defense - 60:00
|
% Time on Ice - Red Wings
Lines # - Real PCT - Wanted PCT - Time Play
Normal Forward
1 - 38% - 40% - 20:36
2 - 28% - 30% - 15:00
3 - 21% - 20% - 11:19
4 - 13% - 10% - 7:08
Normal Defense
1 - 36% - 40% - 19:38
2 - 32% - 30% - 17:21
3 - 23% - 20% - 12:27
4 - 9% - 10% - 4:37
PP Forward
1 - 56% - 60% - 3:20
2 - 44% - 40% - 2:37
PP Defense
1 - 58% - 60% - 3:26
2 - 42% - 40% - 2:31
PK Forward
1 - 0% - 60%
2 - 0% - 40%
PK Defense
1 - 0% - 60%
2 - 0% - 40%
PK3 Forward
1 - 0% - 60%
2 - 0% - 40%
PK3 Defense
1 - 0% - 60%
2 - 0% - 40%
44 Forward
1 - 0% - 60%
2 - 0% - 40%
44 Defense
1 - 0% - 60%
2 - 0% - 40%
Last Minute Offensive - 0:00
Last Minute Defensive - 0:00
Total
Forward - 60:00
Defense - 60:00
|
Play-by-Play
1st period
0:01 of 1st period - Tyler Seguin wins face-off versus Mike Richards in neutral zone.
0:26 of 1st period - Connor Brown is hit by Max Pacioretty and loses puck.
0:53 of 1st period - Snap shot by Petr Pohl.
0:53 of 1st period - Shot Misses the Net.
0:55 of 1st period - Slapshot by Jiri Fischer.
0:55 of 1st period - Stopped by Rick DiPietro without a rebound.
0:56 of 1st period - David Krejci wins face-off versus Cody Eakin in Blue Jackets zone.
1:11 of 1st period - Slapshot by Carson Mcmillan.
1:11 of 1st period - Stopped by Rick DiPietro without a rebound.
1:12 of 1st period - Mike Richards wins face-off versus Tyler Seguin in Blue Jackets zone.
1:19 of 1st period - Sean Bergenheim is hit by Tyler Seguin and loses puck.
1:38 of 1st period - Rob Scuderi is hit by Philip Samuelsson and loses puck.
2:06 of 1st period - Wrist shot by Pavel Datsyuk.
2:06 of 1st period - Shot Blocked by Karl Alzner.
2:58 of 1st period - Slapshot by Cody Eakin.
2:58 of 1st period - Shot Blocked by Philip Samuelsson.
3:34 of 1st period - David Krejci is hit by Eric Wellwood and loses puck.
3:41 of 1st period - Jakub Kindl is hit by Pavel Datsyuk and loses puck.
4:03 of 1st period - Snap shot by Artemi Panarin.
4:03 of 1st period - Stopped by James Reimer with a rebound.
4:45 of 1st period - Wrist shot by Martin Havlat.
4:45 of 1st period - Shot Misses the Net.
4:59 of 1st period - Kris Versteeg is hit by Ryan Wilson and loses puck.
5:40 of 1st period - Snap shot by Darroll Powe.
5:40 of 1st period - Stopped by Rick DiPietro without a rebound.
5:41 of 1st period - Mike Richards wins face-off versus Peter Mueller in Blue Jackets zone.
6:01 of 1st period - Minor Penalty to Branislav Mezei for Hooking.
6:02 of 1st period - Tyler Seguin wins face-off versus Mike Richards in Blue Jackets zone.
6:02 of 1st period - Tyler Seguin is hit by Philip Samuelsson.
7:13 of 1st period - Nick Bjugstad is hit by Dalton Prout and loses puck.
8:01 of 1st period - Penalty to Branislav Mezei is over, Branislav Mezei is back on ice.
9:01 of 1st period - Slapshot by Branislav Mezei.
9:01 of 1st period - Deflect By Brandon Bollig.
9:01 of 1st period - Stopped by James Reimer with a rebound.
9:03 of 1st period - Snap shot by Cody Eakin.
9:03 of 1st period - Stopped by James Reimer with a rebound.
9:25 of 1st period - Wrist shot by Peter Mueller.
9:25 of 1st period - Shot Blocked by Ryan O'Byrne.
9:27 of 1st period - Slapshot by Rob Scuderi.
9:27 of 1st period - Stopped by James Reimer with a rebound.
10:58 of 1st period - Slapshot by Pavel Datsyuk.
10:58 of 1st period - Shot Misses the Net.
11:07 of 1st period - Icing by Ole-Kristian Tollefsen.
11:08 of 1st period - Andreas Nodl wins face-off versus Mike Richards in Red Wings zone.
11:20 of 1st period - Wrist shot by Kris Versteeg.
11:20 of 1st period - Stopped by Rick DiPietro with a rebound.
11:22 of 1st period - Wrist shot by Sean Bergenheim.
11:22 of 1st period - Red Wings goal is going for a video replay.
11:22 of 1st period - The goal is refused. The attacking player has interfered with a goalkeeper in his goal crease..
11:23 of 1st period - Tyler Seguin wins face-off versus Nick Bjugstad in Blue Jackets zone.
11:38 of 1st period - Slapshot by Tyler Seguin.
11:38 of 1st period - Deflect By Artemi Panarin.
11:38 of 1st period - Stopped by James Reimer without a rebound.
11:39 of 1st period - Mike Richards wins face-off versus Peter Mueller in Red Wings zone.
11:54 of 1st period - Wrist shot by Max Pacioretty.
11:54 of 1st period - Stopped by James Reimer with a rebound.
11:56 of 1st period - Wrist shot by Max Pacioretty.
11:56 of 1st period - Stopped by James Reimer with a rebound.
12:58 of 1st period - Off-side.
12:59 of 1st period - Mike Richards wins face-off versus Max Pacioretty in neutral zone.
13:02 of 1st period - Slapshot by Sean Bergenheim.
13:02 of 1st period - Shot Misses the Net.
13:04 of 1st period - Wrist shot by Sean Bergenheim.
13:04 of 1st period - Goal by Sean Bergenheim - Blue Jackets : 0 - Red Wings : 1.
13:05 of 1st period - Devin Setoguchi wins face-off versus Mike Richards in neutral zone.
13:10 of 1st period - Snap shot by Tyler Seguin.
13:10 of 1st period - Deflect By Artemi Panarin.
13:10 of 1st period - Shot Blocked by Ryan O'Byrne.
13:10 of 1st period - Puck is out of play.
13:11 of 1st period - Tyler Seguin wins face-off versus Mike Richards in Red Wings zone.
13:12 of 1st period - Snap shot by Artemi Panarin.
13:12 of 1st period - Shot Blocked by Karl Alzner.
13:24 of 1st period - Snap shot by Artemi Panarin.
13:24 of 1st period - Goal by Artemi Panarin - Blue Jackets : 1 - Red Wings : 1.
13:25 of 1st period - Tyler Seguin wins face-off versus Mike Richards in neutral zone.
13:28 of 1st period - Slapshot by Mike Lundin.
13:28 of 1st period - Stopped by James Reimer with a rebound.
14:16 of 1st period - Snap shot by Pavel Datsyuk.
14:16 of 1st period - Shot Misses the Net.
14:24 of 1st period - Wrist shot by Pavel Datsyuk.
14:24 of 1st period - Stopped by James Reimer with a rebound.
15:02 of 1st period - Jakub Kindl is hit by Tyler Seguin and loses puck.
15:37 of 1st period - Snap shot by Nick Bjugstad.
15:37 of 1st period - Shot Misses the Net.
16:01 of 1st period - Carson Mcmillan is hit by Dalton Prout and loses puck.
16:08 of 1st period - Philip Samuelsson is hit by Tyler Kennedy and loses puck.
16:19 of 1st period - Wrist shot by Pavel Datsyuk.
16:19 of 1st period - Stopped by James Reimer with a rebound.
16:41 of 1st period - Slapshot by Eric Wellwood.
16:41 of 1st period - Stopped by James Reimer with a rebound.
17:12 of 1st period - Snap shot by David Krejci.
17:12 of 1st period - Stopped by Rick DiPietro without a rebound.
17:13 of 1st period - Tyler Seguin wins face-off versus Mike Richards in Blue Jackets zone.
17:44 of 1st period - Off-side.
17:45 of 1st period - Nick Bjugstad wins face-off versus Peter Mueller in neutral zone.
17:58 of 1st period - Wrist shot by Nick Bjugstad.
17:58 of 1st period - Shot Misses the Net.
18:00 of 1st period - Wrist shot by Jiri Fischer.
18:00 of 1st period - Shot Blocked by Max Pacioretty.
18:02 of 1st period - Wrist shot by Connor Brown.
18:02 of 1st period - Stopped by Rick DiPietro with a rebound.
18:12 of 1st period - Artemi Panarin is hit by Mike Richards and loses puck.
18:19 of 1st period - Snap shot by Kris Versteeg.
18:19 of 1st period - Stopped by Rick DiPietro without a rebound.
18:20 of 1st period - Mike Richards wins face-off versus Tyler Seguin in Blue Jackets zone.
18:31 of 1st period - Wrist shot by Kris Versteeg.
18:31 of 1st period - Shot Blocked by Cam Fowler.
18:49 of 1st period - Wrist shot by Connor Brown.
18:49 of 1st period - Shot Misses the Net.
18:51 of 1st period - Wrist shot by Connor Brown.
18:51 of 1st period - Stopped by Rick DiPietro with a rebound.
19:15 of 1st period - Slapshot by Philip Samuelsson.
19:15 of 1st period - Deflect By Petr Pohl.
19:15 of 1st period - Stopped by Rick DiPietro with a rebound.
19:17 of 1st period - Slapshot by Ole-Kristian Tollefsen.
19:17 of 1st period - Shot Misses the Net.
19:27 of 1st period - Tyler Kennedy is hit by Alex Picard and loses puck.
19:36 of 1st period - Carson Mcmillan is hit by Eric Wellwood and loses puck.
19:49 of 1st period - Snap shot by Artemi Panarin.
19:49 of 1st period - Stopped by James Reimer without a rebound.
19:50 of 1st period - Tyler Seguin wins face-off versus Mike Richards in Red Wings zone.
Goals for this period are 1 for Blue Jackets vs 1 for Red Wings.
Shots for this period are 13 for Blue Jackets vs 11 for Red Wings.
2nd period
0:01 of 2nd period - Mike Richards wins face-off versus Tyler Seguin in neutral zone.
0:23 of 2nd period - Icing by Tyler Seguin.
0:24 of 2nd period - Nick Bjugstad wins face-off versus Peter Mueller in Blue Jackets zone.
1:09 of 2nd period - Icing by Karl Alzner.
1:10 of 2nd period - Pavel Datsyuk wins face-off versus Mike Richards in Red Wings zone.
1:19 of 2nd period - Wrist shot by Max Pacioretty.
1:19 of 2nd period - Stopped by James Reimer with a rebound.
1:21 of 2nd period - Snap shot by Max Pacioretty.
1:21 of 2nd period - Shot Hit the Post.
1:23 of 2nd period - Slapshot by Peter Mueller.
1:23 of 2nd period - Stopped by James Reimer without a rebound.
1:24 of 2nd period - Nick Bjugstad wins face-off versus Tyler Seguin in Red Wings zone.
1:56 of 2nd period - Slapshot by Max Pacioretty.
1:56 of 2nd period - Deflect By Mike Richards.
1:56 of 2nd period - Stopped by James Reimer without a rebound.
1:57 of 2nd period - Mike Richards wins face-off versus Martin Havlat in Red Wings zone.
2:24 of 2nd period - Sean Bergenheim is hit by Cam Fowler and loses puck.
2:38 of 2nd period - Icing by Jiri Fischer.
2:39 of 2nd period - Sean Bergenheim wins face-off versus Tyler Seguin in Red Wings zone.
2:39 of 2nd period - Sean Bergenheim is hit by Tyler Seguin.
2:45 of 2nd period - Artemi Panarin is hit by Sean Bergenheim and loses puck.
3:38 of 2nd period - Wrist shot by Nick Bjugstad.
3:38 of 2nd period - Goal by Nick Bjugstad - Blue Jackets : 1 - Red Wings : 2.
3:39 of 2nd period - Alex Picard wins face-off versus Tyler Seguin in neutral zone.
4:16 of 2nd period - Snap shot by Max Pacioretty.
4:16 of 2nd period - Stopped by James Reimer without a rebound.
4:17 of 2nd period - Nick Bjugstad wins face-off versus Tyler Seguin in Red Wings zone.
4:44 of 2nd period - Kris Versteeg is hit by Max Pacioretty and loses puck.
5:05 of 2nd period - Snap shot by Eric Wellwood.
5:05 of 2nd period - Stopped by James Reimer with a rebound.
5:13 of 2nd period - Philip Samuelsson is hit by Tyler Kennedy and loses puck.
5:52 of 2nd period - Wrist shot by Tyler Seguin.
5:52 of 2nd period - Shot Misses the Net.
6:37 of 2nd period - Off-side.
6:38 of 2nd period - Devin Setoguchi wins face-off versus Nick Bjugstad in neutral zone.
6:50 of 2nd period - Snap shot by Devin Setoguchi.
6:50 of 2nd period - Stopped by James Reimer without a rebound.
6:51 of 2nd period - Nick Bjugstad wins face-off versus Tyler Seguin in Red Wings zone.
6:58 of 2nd period - Snap shot by Connor Brown.
6:58 of 2nd period - Stopped by Rick DiPietro without a rebound.
6:59 of 2nd period - Tyler Seguin wins face-off versus Nick Bjugstad in Blue Jackets zone.
7:18 of 2nd period - Slapshot by Marko Dano.
7:18 of 2nd period - Stopped by Rick DiPietro without a rebound.
7:19 of 2nd period - Mike Richards wins face-off versus Peter Mueller in Blue Jackets zone.
7:20 of 2nd period - Snap shot by Sean Bergenheim.
7:20 of 2nd period - Stopped by Rick DiPietro with a rebound.
7:22 of 2nd period - Snap shot by Kris Versteeg.
7:22 of 2nd period - Shot Hit the Post.
7:24 of 2nd period - Wrist shot by Sean Bergenheim.
7:24 of 2nd period - Stopped by Rick DiPietro with a rebound.
7:26 of 2nd period - Slapshot by Karl Alzner.
7:26 of 2nd period - Stopped by Rick DiPietro without a rebound.
7:27 of 2nd period - Max Pacioretty wins face-off versus Mike Richards in Blue Jackets zone.
7:40 of 2nd period - Wrist shot by Sean Bergenheim.
7:40 of 2nd period - Deflect By Kris Versteeg.
7:40 of 2nd period - Stopped by Rick DiPietro with a rebound.
7:42 of 2nd period - Wrist shot by Ryan O'Byrne.
7:42 of 2nd period - Stopped by Rick DiPietro with a rebound.
7:44 of 2nd period - Slapshot by Karl Alzner.
7:44 of 2nd period - Stopped by Rick DiPietro with a rebound.
7:46 of 2nd period - Slapshot by Sean Bergenheim.
7:46 of 2nd period - Shot Misses the Net.
7:48 of 2nd period - Wrist shot by Kris Versteeg.
7:48 of 2nd period - Stopped by Rick DiPietro without a rebound.
7:49 of 2nd period - Tyler Seguin wins face-off versus Connor Brown in Blue Jackets zone.
8:19 of 2nd period - Snap shot by Max Pacioretty.
8:19 of 2nd period - Deflect By Martin Havlat.
8:19 of 2nd period - Stopped by James Reimer without a rebound.
8:20 of 2nd period - Kris Versteeg wins face-off versus Peter Mueller in Red Wings zone.
9:05 of 2nd period - Dalton Prout is hit by Sean Bergenheim and loses puck.
9:14 of 2nd period - Karl Alzner is hit by Dalton Prout and loses puck.
9:48 of 2nd period - Wrist shot by Sean Bergenheim.
9:48 of 2nd period - Shot Blocked by Rob Scuderi.
10:48 of 2nd period - Slapshot by Ryan O'Byrne.
10:48 of 2nd period - Goal by Ryan O'Byrne - Blue Jackets : 1 - Red Wings : 3.
10:49 of 2nd period - Nick Bjugstad wins face-off versus Tyler Seguin in neutral zone.
11:35 of 2nd period - Slapshot by Cam Fowler.
11:35 of 2nd period - Shot Blocked by Darroll Powe.
11:41 of 2nd period - Slapshot by Cam Fowler.
11:41 of 2nd period - Stopped by James Reimer with a rebound.
11:57 of 2nd period - Wrist shot by Tyler Seguin.
11:57 of 2nd period - Stopped by James Reimer without a rebound.
11:58 of 2nd period - Nick Bjugstad wins face-off versus Tyler Seguin in Red Wings zone.
12:07 of 2nd period - Wrist shot by Marko Dano.
12:07 of 2nd period - Stopped by Rick DiPietro without a rebound.
12:08 of 2nd period - Nick Bjugstad wins face-off versus Devin Setoguchi in Blue Jackets zone.
12:11 of 2nd period - Wrist shot by Connor Brown.
12:11 of 2nd period - Stopped by Rick DiPietro without a rebound.
12:12 of 2nd period - Nick Bjugstad wins face-off versus Tyler Seguin in Blue Jackets zone.
12:17 of 2nd period - Wrist shot by Nick Bjugstad.
12:17 of 2nd period - Stopped by Rick DiPietro without a rebound.
12:18 of 2nd period - Devin Setoguchi wins face-off versus Nick Bjugstad in Blue Jackets zone.
12:31 of 2nd period - Wrist shot by Artemi Panarin.
12:31 of 2nd period - Shot Misses the Net.
12:33 of 2nd period - Snap shot by Devin Setoguchi.
12:33 of 2nd period - Stopped by James Reimer without a rebound.
12:34 of 2nd period - David Krejci wins face-off versus Pavel Datsyuk in Red Wings zone.
13:04 of 2nd period - Slapshot by Branislav Mezei.
13:04 of 2nd period - Stopped by James Reimer with a rebound.
13:06 of 2nd period - Slapshot by Devin Setoguchi.
13:06 of 2nd period - Stopped by James Reimer without a rebound.
13:07 of 2nd period - Tyler Seguin wins face-off versus Nick Bjugstad in Red Wings zone.
13:15 of 2nd period - Snap shot by Artemi Panarin.
13:15 of 2nd period - Stopped by James Reimer with a rebound.
13:17 of 2nd period - Snap shot by Tyler Seguin.
13:17 of 2nd period - Shot Hit the Post.
13:19 of 2nd period - Wrist shot by Tyler Seguin.
13:19 of 2nd period - Stopped by James Reimer with a rebound.
13:21 of 2nd period - Wrist shot by Devin Setoguchi.
13:21 of 2nd period - Stopped by James Reimer with a rebound.
14:04 of 2nd period - Cam Fowler is hit by Petr Pohl and loses puck.
14:23 of 2nd period - Mike Lundin is hit by Carson Mcmillan and loses puck.
14:59 of 2nd period - Cam Fowler is hit by Mike Richards and loses puck.
15:08 of 2nd period - Slapshot by Kris Versteeg.
15:08 of 2nd period - Goal by Kris Versteeg - Blue Jackets : 1 - Red Wings : 4.
15:09 of 2nd period - Tyler Seguin wins face-off versus Mike Richards in neutral zone.
15:12 of 2nd period - Philip Samuelsson is hit by Tyler Seguin and loses puck.
15:35 of 2nd period - Slapshot by Pavel Datsyuk.
15:35 of 2nd period - Shot Blocked by Philip Samuelsson.
16:04 of 2nd period - Backhand shot by Max Pacioretty.
16:04 of 2nd period - Shot Misses the Net.
16:06 of 2nd period - Snap shot by Max Pacioretty.
16:06 of 2nd period - Stopped by James Reimer without a rebound.
16:07 of 2nd period - Tyler Seguin wins face-off versus Mike Richards in Red Wings zone.
16:10 of 2nd period - Wrist shot by Artemi Panarin.
16:10 of 2nd period - Shot Misses the Net.
16:13 of 2nd period - Icing by Jakub Kindl.
16:14 of 2nd period - Tyler Seguin wins face-off versus Mike Richards in Red Wings zone.
16:15 of 2nd period - Wrist shot by Artemi Panarin.
16:15 of 2nd period - Stopped by James Reimer without a rebound.
16:16 of 2nd period - Mike Richards wins face-off versus Tyler Seguin in Red Wings zone.
16:21 of 2nd period - Wrist shot by Tyler Seguin.
16:21 of 2nd period - Shot Misses the Net.
17:05 of 2nd period - Wrist shot by Artemi Panarin.
17:05 of 2nd period - Shot Misses the Net.
17:07 of 2nd period - Slapshot by Artemi Panarin.
17:07 of 2nd period - Goal by Artemi Panarin - Blue Jackets : 2 - Red Wings : 4.
17:08 of 2nd period - Pavel Datsyuk wins face-off versus Nick Bjugstad in neutral zone.
17:15 of 2nd period - Slapshot by Mike Lundin.
17:15 of 2nd period - Shot Blocked by Philip Samuelsson.
17:17 of 2nd period - Snap shot by Tyler Kennedy.
17:17 of 2nd period - Shot Misses the Net.
17:19 of 2nd period - Snap shot by Pavel Datsyuk.
17:19 of 2nd period - Stopped by James Reimer without a rebound.
17:20 of 2nd period - Tyler Seguin wins face-off versus Nick Bjugstad in Red Wings zone.
18:06 of 2nd period - Eric Wellwood is hit by Carson Mcmillan.
18:16 of 2nd period - Slapshot by Philip Samuelsson.
18:16 of 2nd period - Shot Blocked by Branislav Mezei.
18:18 of 2nd period - Slapshot by David Krejci.
18:18 of 2nd period - Stopped by Rick DiPietro with a rebound.
18:25 of 2nd period - Icing by Tyler Kennedy.
18:26 of 2nd period - Darroll Powe wins face-off versus Cody Eakin in Blue Jackets zone.
19:07 of 2nd period - Snap shot by Michael Haley.
19:07 of 2nd period - Shot Misses the Net.
19:09 of 2nd period - Wrist shot by Petr Pohl.
19:09 of 2nd period - Stopped by Rick DiPietro without a rebound.
19:10 of 2nd period - Nick Bjugstad wins face-off versus Tyler Seguin in Blue Jackets zone.
19:21 of 2nd period - Slapshot by Dalton Prout.
19:21 of 2nd period - Shot Blocked by Marko Dano.
19:23 of 2nd period - Backhand shot by Tyler Seguin.
19:23 of 2nd period - Stopped by James Reimer without a rebound.
19:24 of 2nd period - Kris Versteeg wins face-off versus Tyler Seguin in Red Wings zone.
Goals for this period are 1 for Blue Jackets vs 3 for Red Wings.
Shots for this period are 20 for Blue Jackets vs 17 for Red Wings.
3rd period
0:01 of 3rd period - Tyler Seguin wins face-off versus Nick Bjugstad in neutral zone.
0:50 of 3rd period - Wrist shot by Philip Samuelsson.
0:50 of 3rd period - Deflect By David Krejci.
0:50 of 3rd period - Stopped by Rick DiPietro with a rebound.
0:52 of 3rd period - Wrist shot by Carson Mcmillan.
0:52 of 3rd period - Shot Misses the Net.
0:54 of 3rd period - Snap shot by Carson Mcmillan.
0:54 of 3rd period - Deflect By Alex Picard.
0:54 of 3rd period - Stopped by Rick DiPietro with a rebound.
0:56 of 3rd period - Wrist shot by David Krejci.
0:56 of 3rd period - Stopped by Rick DiPietro without a rebound.
0:57 of 3rd period - Tyler Seguin wins face-off versus Nick Bjugstad in Blue Jackets zone.
0:57 of 3rd period - Tyler Seguin is hit by Nick Bjugstad.
1:05 of 3rd period - Wrist shot by Artemi Panarin.
1:05 of 3rd period - Shot Misses the Net.
1:11 of 3rd period - Rob Scuderi is hit by Marko Dano and loses puck.
1:26 of 3rd period - Wrist shot by Alex Picard.
1:26 of 3rd period - Deflect By David Krejci.
1:26 of 3rd period - Stopped by Rick DiPietro without a rebound.
1:27 of 3rd period - David Krejci wins face-off versus Peter Mueller in Blue Jackets zone.
1:31 of 3rd period - Icing by Mike Lundin.
1:32 of 3rd period - Mike Richards wins face-off versus Peter Mueller in Blue Jackets zone.
2:52 of 3rd period - Icing by Kris Versteeg.
2:53 of 3rd period - Tyler Seguin wins face-off versus Mike Richards in Red Wings zone.
2:56 of 3rd period - Snap shot by Tyler Seguin.
2:56 of 3rd period - Shot Blocked by Philip Samuelsson.
3:08 of 3rd period - Ryan Wilson is hit by Mike Richards and loses puck.
3:15 of 3rd period - Slapshot by Sean Bergenheim.
3:15 of 3rd period - Stopped by Rick DiPietro with a rebound.
3:23 of 3rd period - Wrist shot by Mike Richards.
3:23 of 3rd period - Stopped by Rick DiPietro without a rebound.
3:24 of 3rd period - Nick Bjugstad wins face-off versus Peter Mueller in Blue Jackets zone.
3:51 of 3rd period - Alex Picard is hit by Tyler Kennedy and loses puck.
5:00 of 3rd period - Slapshot by Alex Picard.
5:00 of 3rd period - Stopped by Rick DiPietro without a rebound.
5:01 of 3rd period - Tyler Seguin wins face-off versus Nick Bjugstad in Blue Jackets zone.
6:18 of 3rd period - Slapshot by Philip Samuelsson.
6:18 of 3rd period - Stopped by Rick DiPietro with a rebound.
6:20 of 3rd period - Wrist shot by Petr Pohl.
6:20 of 3rd period - Stopped by Rick DiPietro without a rebound.
6:21 of 3rd period - Tyler Seguin wins face-off versus Nick Bjugstad in Blue Jackets zone.
6:21 of 3rd period - Tyler Seguin is hit by Marko Dano.
6:47 of 3rd period - Jakub Kindl is hit by Peter Mueller and loses puck.
6:52 of 3rd period - Slapshot by Peter Mueller.
6:52 of 3rd period - Stopped by James Reimer with a rebound.
7:14 of 3rd period - Backhand shot by Philip Samuelsson.
7:14 of 3rd period - Shot Misses the Net.
7:16 of 3rd period - Slapshot by Philip Samuelsson.
7:16 of 3rd period - Stopped by Rick DiPietro without a rebound.
7:17 of 3rd period - Tyler Seguin wins face-off versus Nick Bjugstad in Blue Jackets zone.
7:30 of 3rd period - Wrist shot by Devin Setoguchi.
7:30 of 3rd period - Shot Misses the Net.
8:27 of 3rd period - Icing by Ryan O'Byrne.
8:28 of 3rd period - Darroll Powe wins face-off versus Martin Havlat in Red Wings zone.
8:28 of 3rd period - Darroll Powe is hit by Martin Havlat.
8:36 of 3rd period - Slapshot by Karl Alzner.
8:36 of 3rd period - Shot Misses the Net.
8:38 of 3rd period - Snap shot by Kris Versteeg.
8:38 of 3rd period - Shot Misses the Net.
8:46 of 3rd period - Max Pacioretty is hit by Kris Versteeg and loses puck.
9:20 of 3rd period - Off-side.
9:21 of 3rd period - Alex Picard wins face-off versus Pavel Datsyuk in neutral zone.
9:24 of 3rd period - Mike Lundin is hit by David Krejci and loses puck.
9:47 of 3rd period - Mike Lundin is hit by Mike Richards and loses puck.
10:56 of 3rd period - Slapshot by Ole-Kristian Tollefsen.
10:56 of 3rd period - Shot Misses the Net.
11:59 of 3rd period - Jiri Fischer is hit by Andreas Nodl and loses puck.
12:04 of 3rd period - Wrist shot by Andreas Nodl.
12:04 of 3rd period - Shot Blocked by Jiri Fischer.
12:24 of 3rd period - Pavel Datsyuk is hit by Sean Bergenheim and loses puck.
13:24 of 3rd period - Brandon Bollig is hit by Mike Richards.
13:37 of 3rd period - Mike Lundin is hit by Nick Bjugstad and loses puck.
13:58 of 3rd period - Slapshot by David Krejci.
13:58 of 3rd period - Deflect By Carson Mcmillan.
13:58 of 3rd period - Stopped by Rick DiPietro without a rebound.
13:59 of 3rd period - Tyler Seguin wins face-off versus David Krejci in Blue Jackets zone.
14:10 of 3rd period - Snap shot by David Krejci.
14:10 of 3rd period - Shot Misses the Net.
14:12 of 3rd period - Snap shot by David Krejci.
14:12 of 3rd period - Goal by David Krejci - Blue Jackets : 2 - Red Wings : 5.
14:13 of 3rd period - Kris Versteeg wins face-off versus Tyler Seguin in neutral zone.
14:16 of 3rd period - Artemi Panarin is hit by Philip Samuelsson and loses puck.
14:35 of 3rd period - Minor Penalty to Devin Setoguchi for Hooking.
14:36 of 3rd period - Mike Richards wins face-off versus Tyler Seguin in Blue Jackets zone.
15:09 of 3rd period - Snap shot by Marko Dano.
15:09 of 3rd period - Shot Misses the Net.
15:13 of 3rd period - Snap shot by Marko Dano.
15:13 of 3rd period - Stopped by Rick DiPietro with a rebound.
16:35 of 3rd period - Penalty to Devin Setoguchi is over, Devin Setoguchi is back on ice.
16:53 of 3rd period - Snap shot by Tyler Seguin.
16:53 of 3rd period - Deflect By Devin Setoguchi.
16:53 of 3rd period - Stopped by James Reimer without a rebound.
16:54 of 3rd period - Darroll Powe wins face-off versus Peter Mueller in Red Wings zone.
16:54 of 3rd period - Darroll Powe is hit by Ryan Wilson.
17:27 of 3rd period - Icing by Martin Havlat.
17:28 of 3rd period - Peter Mueller wins face-off versus Mike Richards in Blue Jackets zone.
17:43 of 3rd period - Wrist shot by Kris Versteeg.
17:43 of 3rd period - Stopped by Rick DiPietro with a rebound.
17:51 of 3rd period - Minor Penalty to Martin Havlat for Hooking.
17:52 of 3rd period - Tyler Seguin wins face-off versus Mike Richards in Blue Jackets zone.
18:23 of 3rd period - Snap shot by Marko Dano.
18:23 of 3rd period - Shot Misses the Net.
18:29 of 3rd period - Backhand shot by Marko Dano.
18:29 of 3rd period - Shot Misses the Net.
18:31 of 3rd period - Snap shot by Nick Bjugstad.
18:31 of 3rd period - Stopped by Rick DiPietro with a rebound.
19:51 of 3rd period - Penalty to Martin Havlat is over, Martin Havlat is back on ice.
19:52 of 3rd period - Martin Havlat is hit by Karl Alzner and loses puck.
Goals for this period are 0 for Blue Jackets vs 1 for Red Wings.
Shots for this period are 2 for Blue Jackets vs 15 for Red Wings.